 Dungeon Crawl Stone Soup version 0.29.1-12-g30fa7ad0bf (webtiles) character file.

Game seed: 15061399453832745674

688 growler the Shooter (level 7, -9/52 HPs)
             Began as a Demonspawn Wanderer on Jan 16, 2023.
             Mangled by an ogre
             ... wielding a +0 giant spiked club
              (30 damage)
             ... on level 5 of the Dungeon.
             The game lasted 00:25:16 (5085 turns).

growler the Shooter (Demonspawn Wanderer)           Turns: 5085, Time: 00:25:17

Health: -9/52      AC:  9    Str: 21    XL:     7   Next: 36%
Magic:  11/12      EV: 11    Int: 13    God:
Gold:   253        SH:  0    Dex: 11    Spells: 8/12 levels left

rFire   . . .      SeeInvis .   F - +1 sling of Radicalism {freeze, Str+5}
rCold   . . .      Faith    .   (no shield)
rNeg    . . .      Spirit   .   c - +0 robe
rPois   +          Reflect  .   (helmet restricted)
rElec   .          Harm     .   (no cloak)
rCorr   .          Rampage  .   (no gloves)
Will    .....                   k - +0 pair of boots
Stlth   +.........              E - amulet of magic regeneration
HPRegen 0.17/turn               j - ring of poison resistance
MPRegen 0.66/turn               v - +4 ring of protection

@: no status effects
A: horns 1, molten scales 1, demonic guardian 1, magic regeneration
a: no special abilities


You were on level 5 of the Dungeon.
You visited 1 branch of the dungeon, and saw 5 of its levels.

You collected 253 gold pieces.

Inventory:

Hand Weapons
 a - a +3 sling
 D - the +5 dagger of Gluttony {freeze, SInv}
   (You found it on level 4 of the Dungeon)

   It freezes those it strikes, dealing additional cold damage.
   It can also slow down cold-blooded creatures.
   SInv:      It lets you see invisible.
 F - the +1 sling of Radicalism (weapon) {freeze, Str+5}
   (You found it on level 2 of the Dungeon)

   Any ammunition fired from it freezes those it strikes, dealing additional
   cold damage.
   It can also slow down cold-blooded creatures.
   Str:       It affects your strength (+5).
 G - a +2 sling of freezing
Missiles
 e - 53 stones
 H - a throwing net
Armour
 c - a +0 robe (worn)
 f - a +0 helmet
 k - a +0 pair of boots (worn)
Magical Staves
 I - a staff of air
Jewellery
 j - a ring of poison resistance (left hand)
 q - a +6 ring of intelligence
 v - a +4 ring of protection (right hand)
 y - a +6 ring of strength
 C - a +6 ring of dexterity
 E - an amulet of magic regeneration (around neck)
Wands
 o - a wand of digging (1)
Scrolls
 b - a scroll of fog
 d - a scroll of acquirement {unknown}
 h - 3 scrolls of vulnerability
 m - 2 scrolls of magic mapping {unknown}
 n - a scroll of enchant weapon {unknown}
 p - 2 scrolls of noise {unknown}
 r - 2 scrolls of teleportation {unknown}
 s - a scroll of enchant armour {unknown}
 u - 2 scrolls of blinking
 w - a scroll of immolation
Potions
 g - a potion of heal wounds
 i - 3 potions of flight {unknown}
 l - a potion of haste
 t - a potion of cancellation
 x - a potion of magic {unknown}
 z - a potion of might {unknown}
 A - a potion of ambrosia {unknown}
 B - 2 potions of degeneration {unknown}
 J - a potion of curing {unknown}


   Skills:
 - Level 3.0 Fighting
 - Level 6.0 Ranged Weapons
 - Level 1.0 Stealth
 + Level 3.4 Spellcasting
 + Level 3.7 Air Magic
 - Level 1.0 Evocations


You had 8 spell levels left.
You knew the following spells:

 Your Spells              Type           Power      Damage    Failure   Level
a - Shock                 Conj/Air       28%        1d4       11%         1
b - Swiftness             Air            11%        N/A       14%         3

Your spell library contained the following spells:

 Spells                   Type           Power      Damage    Failure   Level
 Apportation              Tloc           4%         N/A       22%         1
 Summon Guardian Golem    Hex/Summ       2%         N/A       54%         3
 Alistair's Intoxication  Tmut/Pois      1%         N/A       99%         5
 Orb of Destruction       Conj           1%         9d5       100%        7
 Spellforged Servitor     Conj/Summ      1%         N/A       100%        7


Dungeon Overview and Level Annotations

Branches:
Dungeon (5/15)
 Temple: D:4-7

Altars:

Annotations:
D:4 Dowan, Duvessa


Innate Abilities, Weirdness & Mutations

You have a pair of small horns on your head.
You are partially covered in molten scales. (AC +2)
A weak demonic guardian rushes to your aid.
You regenerate magic rapidly.


Message History

The ogre is lightly wounded.
Fire: F) +1 sling of Radicalism {freeze, Str+5}
Press: ? - help, Q - select action, (/) - cycle Shift-Dir - straight line, f/p - ogre
Aim: an ogre, wielding a +0 giant spiked club (lightly wounded, 74% to hit)
You shoot a sling bullet. The sling bullet hits the ogre.
The sling bullet freezes the ogre.
The ogre is moderately wounded.
The ogre barely misses you.
Fire: F) +1 sling of Radicalism {freeze, Str+5}
Press: ? - help, Q - select action, (/) - cycle Shift-Dir - straight line, f/p - ogre
Aim: an ogre, wielding a +0 giant spiked club (moderately wounded, 74% to hit)
You shoot a sling bullet.
The sling bullet barely misses the ogre.
The ogre hits you with a +0 giant spiked club!!
Ouch! That really hurt!
A demonic guardian appears!
Your ufetubus hits the ogre. x2
Your ufetubus barely misses the ogre.
Your ufetubus hits the ogre.
The ogre hits your ufetubus with a +0 giant spiked club!!
Your ufetubus dies!
Your ufetubus disappears in a puff of smoke!
Casting: Shock (safe; 11% risk of failure)
Confirm with . or Enter, or press ? or * to list all spells.
Aiming: Shock (safe; 11% risk of failure)
Press: ? - help, Shift-Dir - straight line, f/p - ogre
Aim: an ogre, wielding a +0 giant spiked club (heavily wounded, 85% to hit)
The zap misses the ogre.
The zap hits the ogre.
The ogre is severely wounded.
Casting: Shock (safe; 11% risk of failure)
Confirm with . or Enter, or press ? or * to list all spells.
Aiming: Shock (safe; 11% risk of failure)
Press: ? - help, Shift-Dir - straight line, f/p - ogre
Aim: an ogre, wielding a +0 giant spiked club (severely wounded, 85% to hit)
The zap hits the ogre.
The ogre is severely wounded.
The zap hits the ogre.
The ogre is severely wounded.
The ogre hits you with a +0 giant spiked club!!
Ouch! That really hurt!
You die...

.............##
..............#
................
.................
.................
.................
........[.####.##
.........@##
.........O####.#
#$........####.##
#.....<.........
###....######.##
###### ####.## ##
#.## ## .## #. .#


You could see an ogre.

Vanquished Creatures
  A black bear (D:4)
  An ogre (D:4)
  A necrophage (D:4)
  2 hounds (D:4)
  An iguana (D:3)
  An orc wizard (D:2)
  Robin (D:2)
  11 gnolls
  8 adders
  A worm (D:4)
  2 dart slugs (D:3)
  11 orcs
  12 ball pythons
  8 endoplasms
  9 giant cockroaches
  16 goblins
  13 hobgoblins
  4 jackals (D:1)
  9 kobolds
  2 quokkas (D:4)
  8 bats
  A frilled lizard (D:2)
  6 rats
129 creatures vanquished.

Vanquished Creatures (collateral kills)
  An orc wizard (D:3)
1 creature vanquished.

Vanquished Creatures (others)
  2 plants (D:3)
2 creatures vanquished.

Grand Total: 132 creatures vanquished

Notes
Turn   | Place    | Note
-------+----------+-------------------------------------------
     0 | D:1      | growler the Demonspawn Wanderer began the quest for the
                  | Orb.
     0 | D:1      | growler set off with the following items: a +3 sling, a
                  | scroll of fog, a +0 robe; and the following spell
                  | memorised: Shock; and the following spells available to
                  | memorise: Swiftness.
     0 | D:1      | Reached XP level 1. HP: 18/18 MP: 2/2
   414 | D:1      | Reached skill level 3 in Ranged Weapons
   506 | D:1      | Gained mutation: You are partially covered in molten
                  | scales. (AC +2) [demonic ancestry]
   506 | D:1      | Reached XP level 2. HP: 24/24 MP: 3/3
  1004 | D:1      | Gained mutation: You regenerate magic rapidly. [demonic
                  | ancestry]
  1004 | D:1      | Reached XP level 3. HP: 29/29 MP: 4/4
  1008 | D:1      | Learned a level 3 spell: Swiftness
  1366 | D:2      | Identified the +1 sling of Radicalism {freeze, Str+5}
  1446 | D:2      | Noticed Robin
  1449 | D:2      | Reached skill level 4 in Ranged Weapons
  1476 | D:2      | Killed Robin
  1560 | D:2      | Gained mutation: A weak demonic guardian rushes to your
                  | aid. [demonic ancestry]
  1560 | D:2      | Reached XP level 4. HP: 35/35 MP: 5/5
  2340 | D:3      | Reached skill level 5 in Ranged Weapons
  2397 | D:3      | Reached XP level 5. HP: 35/41 MP: 6/6
  2778 | D:3      | Identified the +2 scale mail of Zocs {Harm}
  3399 | D:4      | Identified the +5 dagger of Gluttony {freeze, SInv}
  3412 | D:4      | Noticed Duvessa
  3426 | D:3      | Reached XP level 6. HP: 36/47 MP: 7/7
  3429 | D:3      | Reached skill level 6 in Ranged Weapons
  3930 | D:4      | Gained mutation: You have a pair of small horns on your
                  | head. [demonic ancestry]
  3930 | D:4      | Reached XP level 7. HP: 52/52 MP: 9/11
  4092 | D:4      | Noticed Dowan
  5074 | D:5      | Entered Level 5 of the Dungeon
  5085 | D:5      | Mangled by an ogre

Illustrated notes

Levels and vault maps discovered:
D:1:      matt_arrival_debris, layout_basic, serial_rivers,
          chequers_serial_rivers_small_3, chequers_serial_rivers_room_a,
          chequers_serial_rivers_small_a, chequers_serial_rivers_room_b,
          chequers_serial_rivers_micro_d, due_unseen_surprise
D:2:      layout_loops_ring, uniq_robin
D:3:      minmay_bubble_buster, layout_rooms, minmay_misc_feat_four_crosses,
          minmay_shallow_snake_nest
D:4:      layout_cave_pools, minmay_crystal_room, minmay_quantized, uniq_duvessa
D:5:      layout_cave_pods, reono_crystal_passage

Skill      XL: |  1  2  3  4  5  6  7 |
---------------+----------------------+-----
Ranged Weapons | 3 4 5 6 |  6.0
Air Magic      | 3 |  3.7
Spellcasting   | 2 3 |  3.4
Fighting       | |  3.0
Stealth        | |  1.0
Evocations     | |  1.0

Action                   |  1- 3 |  4- 6 |  7- 9 || total
-------------------------+-------+-------+-------++-------
Melee: Unarmed           |    12 |       |       ||    12
       Sling             |       |     1 |       ||     1
 Fire: Sling             |   108 |   269 |    94 ||   471
 Cast: Shock             |     1 |    12 |     2 ||    15
  Use: Scroll            |       |     6 |       ||     6
Armor: Robe              |    16 |    79 |    25 ||   120
Dodge: Dodged            |    29 |    96 |    29 ||   154
